 Dungeon Crawl Stone Soup version 0.29-a0-266-gf56f883ddd (webtiles) character file.

Game seed: 12928775558192262436

91 frimble the Skirmisher (level 4, -1/37 HPs)
             Began as a Djinni Cinder Acolyte on Mar 7, 2022.
             Was a High Priest of Ignis.
             Slain by an iguana (11 damage)
             ... on level 3 of the Dungeon.
             The game lasted 00:02:00 (2407 turns).

frimble the Skirmisher (Djinni Cinder Acolyte)      Turns: 2407, Time: 00:02:01

Health: -1/37      AC:  4    Str: 13    XL:     4   Next: 87%
Gold:   110        EV: 12    Int: 16    God:    Ignis [*****.] SH:  0 Dex: 16

rFire   + + +      SeeInvis .   g - +1 short sword (venom)
rCold   x . .      Faith    .   (no shield)
rNeg    . . .      Spirit   .   a - +0 robe
rPois   ∞          Reflect  .   (no helmet)
rElec   .          Harm     .   (no cloak)
rCorr   .          Rampage  .   j - +1 pair of gloves
Will    .....                   (boots unavailable)
Stlth   +.........              c - amulet of regeneration
HPRegen 0.92/turn               h - +6 ring of dexterity
MPRegen 0.00/turn               (no ring)

@: flying
A: sickness immunity, fire resistance 2, cold vulnerability 1, float, innate
caster, HP casting, extra vitality 1
a: Renounce Religion, Fiery Armour, Foxfire Swarm, Rising Flame


You were on level 3 of the Dungeon.
You worshipped Ignis.
Ignis was extremely pleased with you.
You visited 1 branch of the dungeon, and saw 4 of its levels.

You collected 110 gold pieces.

Inventory:

Hand Weapons
 g - a +1 short sword of venom (weapon)
Armour
 a - a +0 robe (worn)
 j - a +1 pair of gloves (worn)
Jewellery
 c - an amulet of regeneration (around neck)
 h - a +6 ring of dexterity (left hand)
Scrolls
 d - a scroll of brand weapon {unknown}
 k - a scroll of torment {unknown}
 l - a scroll of teleportation {unknown}
Potions
 b - a potion of haste {unknown}
 e - a potion of cancellation {unknown}
 f - 3 potions of curing {unknown}
 i - 2 potions of mutation {unknown}
 m - 2 potions of might {unknown}
 n - a potion of attraction {unknown}


   Skills:
 + Level 3.7 Fighting
 + Level 0.9 Short Blades
 + Level 1.5 Dodging
 - Level 0.1 Stealth
 - Level 3.4 Unarmed Combat
 + Level 3.0 Spellcasting


You had 6 spell levels left.
You knew the following spells:

 Your Spells              Type           Power      Damage    Failure   Level
a - Scorch                Fire           24%        2d6       9%          2
b - Summon Small Mammal   Summ           48%        N/A       5%          1
Your spell library was empty.

Dungeon Overview and Level Annotations

Branches:
Dungeon (4/15)
 Temple: D:4-7

Altars:
Hepliaklqana

Annotations:
D:2 Sigmund


Innate Abilities, Weirdness & Mutations

You are immune to sickness and miasma.
You are immune to poison.
Your flesh is very heat resistant. (rF++)
You are vulnerable to cold. (rC-)
You float through the air rather than walking.
You learn spells naturally, not from books.
Your magical power is your life essence.
You have superior vitality. (+4 MHP)


Message History

Confirm with . or Enter, or press ? or * to list all spells.
Flames lash the ufetubus.
The ufetubus is burned terribly!
You kill the ufetubus!
Your Spellcasting skill increases to level 3!
Casting: Scorch (safe; 9% risk of failure)
Confirm with . or Enter, or press ? or * to list all spells.
Flames lash the iguana.
The iguana is lightly wounded.
The iguana's fire resistance burns away.
You hear a shout!
An ufetubus comes into view.
Casting: Scorch (safe; 9% risk of failure)
Confirm with . or Enter, or press ? or * to list all spells.
Flames lash the iguana.
The iguana is burned terribly!
The iguana is heavily wounded.
The iguana bites you!
You fly upwards.
There is a stone staircase leading down here.
You barely miss the iguana.
The iguana is heavily wounded.
The iguana bites you!
You are too injured to fight recklessly!
You are too injured to fight recklessly!
You are too injured to fight recklessly!
You are too injured to fight recklessly!
You are too injured to fight recklessly!
You are too injured to fight recklessly!
You are too injured to fight recklessly!
You are too injured to fight recklessly!
You barely miss the iguana.
The iguana is heavily wounded.
The iguana bites you!
* * * LOW HITPOINT WARNING * * *
You hit the iguana.
The iguana is poisoned.
The iguana is severely wounded.
The iguana hisses menacingly.
The iguana misses you.
There is a stone staircase leading up here.
The iguana attacks as you move away! The iguana bites you!
You die...

####### #.....#
#.###.############### #.#
#...............##
###########.###.############...##
................# #####...(.#
.....#######..### #.....8.8..
####.# #..#########.###.#'#.# #
#†# #....@l..........#[#.. # #.#
#..#########.#.###.### # #.# #..#
#.#.#8...8# # #.# #..#
##.#.#.._..# # #.#
#..########..).#8..[8# #
#.#######.....)......#.###.### #
#......##.###.#####.##.^.#.#.. #
######.##.# #.# #.###..#'#.. #
#.##.# #.# #.###..8.8..


You could see an iguana (very poisoned, combustible).

Vanquished Creatures
  A jelly (D:3)
  An adder (D:3)
  An ufetubus (D:4)
  A dart slug (D:3)
  An orc (D:3)
  10 ball pythons
  3 bats
  6 endoplasms
  A giant cockroach (D:3)
  A goblin (D:1)
  A hobgoblin (D:3)
  A quokka (D:1)
  2 frilled lizards
  7 kobolds
  5 rats
  A spectral kobold (D:3)
43 creatures vanquished.

Notes
Turn   | Place    | Note
-------+----------+-------------------------------------------
     0 | D:1      | frimble the Djinni Cinder Acolyte began the quest for the
                  | Orb.
     0 | D:1      | Reached XP level 1. HP: 20/20 MP: 0/0
   303 | D:1      | Reached XP level 2. HP: 17/25 MP: 0/0
  1169 | D:1      | Reached XP level 3. HP: 29/30 MP: 0/0
  1169 | D:1      | Learned a level 1 spell: Summon Small Mammal
  1497 | D:2      | Noticed Sigmund
  1854 | D:3      | Found a faded altar of an unknown god.
  2195 | D:3      | Reached skill level 1 in Dodging
  2195 | D:3      | Reached XP level 4. HP: 30/35 MP: 0/0
  2204 | D:3      | Found a hazy altar of Hepliaklqana.
  2407 | D:3      | Slain by an iguana

Illustrated notes

Levels and vault maps discovered:
D:1:      ncdulo_halloftheorcs, layout_loops_ring
D:2:      layout_loops_ring, uniq_sigmund
D:3:      layout_loops_ring, nicolae_hepliaklqana_monster_ancestors,
          dreamdust_ecumenical_altar_angels_and_demons
D:4:      layout_rooms, gammafunk_temple_overflow_claw, fiery_altar_vehumet,
          nrook_mini_vaults

Skill      XL: |  1  2  3  4 |
---------------+-------------+-----
Dodging        | 1 |  1.5
Spellcasting   | 3 |  3.0
Fighting       | |  3.7
Short Blades   | |  0.9
Stealth        | |  0.1
Unarmed Combat | |  3.4

Action                   |  1- 3 |  4- 6 || total
-------------------------+-------+-------++-------
Melee: Unarmed           |    71 |       ||    71
       Punch             |     3 |       ||     3
       Short sword       |    24 |     6 ||    30
 Cast: Scorch            |     9 |     9 ||    18
  Use: Scroll            |     2 |       ||     2
 Stab: Sleeping          |     3 |       ||     3
Armor: Robe              |    30 |     2 ||    32
Dodge: Dodged            |    50 |     3 ||    53

Table legend: (Time is in decaauts)
 A = Elapsed time spent in this place.
 B = Non-inter-level travel time spent in this place.
 C = Inter-level travel time spent in this place.
 D = Time resting spent in this place.
 E = Time spent auto-exploring this place.
 F = Levels seen in this place.
 G = Mean time per level.
                   A        B        C        D        E       F      G
               +--------+--------+--------+--------+--------+-----+--------+
         Total |   2403 |   2340 |     63 |      0 |   2017 |   4 |  600.8 |
       Dungeon |   2403 |   2340 |     63 |      0 |   2017 |   4 |  600.8 |
               +--------+--------+--------+--------+--------+-----+--------+

Top non-repeatable levels by time:
     D:1: 1357 daAuts
     D:3: 897 daAuts
     D:2: 142 daAuts
     D:4: 6 daAuts
